 Dungeon Crawl Stone Soup version 0.29-a0-380-gf50f0a9fbc (webtiles) character file.

Game seed: 2503100617316388005

106 Antichthon the Skirmisher (level 5, -3/42 HPs)
             Began as a Formicid Abyssal Knight on May 5, 2022.
             Was a Priest of Lugonu.
             Succumbed to Robin's poison
             ... on level 2 of the Dungeon.
             The game lasted 00:04:45 (2070 turns).

Antichthon the Skirmisher (Formicid Abyssal Knight) Turns: 2070, Time: 00:04:46

Health: -3/42      AC:  5    Str: 19    XL:     5   Next: 10%
Magic:  6/6        EV: 11    Int: 10    God:    Lugonu [***...]
Gold:   78         SH:  5    Dex: 13    Spells: 4/4 levels left

rFire   . . .      SeeInvis +   a - +1 hand axe
rCold   . . .      Faith    .   (no shield)
rNeg    . . .      Spirit   .   f - +0 ring mail
rPois   .          Reflect  +   (helmet unavailable)
rElec   .          Harm     .   (no cloak)
rCorr   .          Rampage  .   (no gloves)
Will    .....                   (no boots)
Stlth   +.........              e - amulet of reflection
HPRegen 0.14/turn               (no ring)
MPRegen 0.10/turn               (no ring)

@: brilliant, lethally poisoned (-3 -> -23)
A: permanent stasis, dig shafts and tunnels, antennae 3, four strong arms,
talons 1, strong 1
a: Dig, Shaft Self, Renounce Religion, Depart the Abyss, Bend Space, Banish


You were on level 2 of the Dungeon.
You worshipped Lugonu.
Lugonu was most pleased with you.
You visited 1 branch of the dungeon, and saw 2 of its levels.
You visited the Abyss 1 time.

You collected 78 gold pieces.

Inventory:

Hand Weapons
 a - a +1 hand axe (weapon)
Armour
 f - a +0 ring mail (worn)
Jewellery
 e - an amulet of reflection (around neck)
Scrolls
 b - 2 scrolls of identify
Potions
 d - a potion of cancellation


   Skills:
 * Level 3.7 Fighting
 - Level 2.0 Axes
 * Level 3.2 Crossbows
 * Level 2.4 Armour
 * Level 1.1 Dodging
 * Level 0.6 Stealth
 * Level 0.6 Shields
 * Level 2.4 Invocations
 * Level 0.6 Evocations


You had 4 spell levels left.
You didn't know any spells.
Your spell library was empty.

Dungeon Overview and Level Annotations

Branches:
Dungeon (2/15)

Altars:

Annotations:
D:2 Robin


Innate Abilities, Weirdness & Mutations

You cannot be hasted, slowed, berserked, paralysed or teleported.
You can dig through walls and to a lower floor.
You have a pair of large antennae on your head. (SInv)
Your four strong arms can wield two-handed weapons with a shield.
You have sharp toenails.
Your muscles are strong. (Str +2)


Message History

You hit Robin. You claw Robin.
Robin is lightly wounded.
Robin hits you with a +4 spear of venom.
* * * LOW HITPOINT WARNING * * *
You are lethally poisoned!
Unknown command.
You feel better.
Robin hits you with a +4 spear of venom.
* * * LOW HITPOINT WARNING * * *
Unknown command.
You closely miss Robin.
Robin is lightly wounded.
Robin misses you.
You barely miss Robin. Your kick misses Robin.
Robin is lightly wounded.
Robin hits you but does no damage.
You are poisoned.
Robin hits you with a +4 spear of venom.
* * * LOW HITPOINT WARNING * * *
You are lethally poisoned!
Okay, then.
You feel better.
Robin hits you with a +4 spear of venom.
* * * LOW HITPOINT WARNING * * *
You are lethally poisoned!
It was a potion of cancellation.
You feel magically purged.
* * * LOW HITPOINT WARNING * * *
You feel very sick. Robin misses you.
Unknown command.
It was a potion of brilliance.
You feel clever all of a sudden.
* * * LOW HITPOINT WARNING * * *
You feel sick.
Robin hits you with a +4 spear of venom.
* * * LOW HITPOINT WARNING * * *
You are more poisoned.
You slash Robin!
Robin is severely wounded.
You die...

≈≈..#.....# ≈≈..#.....#
≈≈≈≈#.....###
≈≈.≈#........ #
≈≈.w#.....# #####.####
≈≈≈.).....# #......... #
≈≈≈.......# ##)###..##.##
≈≈≈≈......#####g####......
≈≈≈≈.........)).@.)..##
≈≈≈...#############...#
..≈≈..# #.#..# .≈≈≈### #..
.... ##..# ###. ....
...##### g. ...
.......##### ..{..
.#####.....# )$. ) .
#####.# ...


You could see Robin.

Vanquished Creatures
  Natasha (D:1)
  An adder (D:2)
  A worm (D:2)
  A dart slug (D:1)
  10 ball pythons
  6 bats (D:1)
  4 endoplasms
  3 giant cockroaches (D:1)
  13 goblins
  7 hobgoblins
  4 jackals (D:1)
  A quokka (D:1)
  3 frilled lizards (D:1)
  3 kobolds
  4 rats
62 creatures vanquished.

Notes
Turn   | Place    | Note
-------+----------+-------------------------------------------
     0 | Abyss:1  | Antichthon the Formicid Abyssal Knight began the quest for
                  | the Orb.
     0 | Abyss:1  | Reached XP level 1. HP: 18/18 MP: 2/2
    60 | D:1      | Escaped the Abyss
   108 | D:1      | Reached skill level 1 in Crossbows
   194 | D:1      | Reached XP level 2. HP: 15/24 MP: 3/3
   618 | D:1      | Reached XP level 3. HP: 29/29 MP: 4/4
   688 | D:1      | Reached *** piety under Lugonu
  1118 | D:1      | Gained mutation: You have sharp toenails. [potion of
                  | mutation]
  1118 | D:1      | Gained mutation: Your muscles are strong. (Str +2) [potion
                  | of mutation]
  1583 | D:2      | Noticed Natasha
  1592 | D:1      | Killed Natasha
  1593 | D:1      | Reached skill level 1 in Dodging
  1593 | D:1      | Reached XP level 4. HP: 29/35 MP: 5/5
  1743 | D:2      | Found a faded altar of an unknown god.
  2024 | D:2      | Noticed Robin
  2034 | D:2      | Reached XP level 5. HP: 39/42 MP: 6/6
  2069 | D:2      | HP: 2/42 [Robin/+4 spear of venom (5)]
  2070 | D:2      | Succumbed to Robin's poison

Illustrated notes

Levels and vault maps discovered:
D:1:      sevenhm_arrival_forest_fort_large_1, layout_loops_corners,
          minivault_24
D:2:      layout_rooms, chequers_ecumenical_altar_island, uniq_terence,
          uniq_natasha, uniq_crazy_yiuf_cottage, uniq_robin

Skill      XL: |  1  2  3 |
---------------+----------+-----
Crossbows      | 1 2 3 |  3.2
Dodging        | 1 |  1.1
Fighting       | |  3.7
Axes           | |  2.0
Armour         | |  2.4
Stealth        | |  0.6
Shields        | |  0.6
Invocations    | |  2.4
Evocations     | |  0.6

Action                   |  1- 3 |  4- 6 || total
-------------------------+-------+-------++-------
Melee: Hand axe          |   119 |    48 ||   167
       Punch             |     1 |       ||     1
       Kick              |     8 |    12 ||    20
  Use: Scroll            |     2 |     1 ||     3
       Potion            |     1 |     5 ||     6
Armor: Leather armour    |     8 |       ||     8
       Ring mail         |    50 |    15 ||    65
Dodge: Dodged            |   102 |    23 ||   125
Block: Other             |    34 |    15 ||    49

Table legend: (Time is in decaauts)
 A = Elapsed time spent in this place.
 B = Non-inter-level travel time spent in this place.
 C = Inter-level travel time spent in this place.
 D = Time resting spent in this place.
 E = Time spent auto-exploring this place.
 F = Levels seen in this place.
 G = Mean time per level.
                   A        B        C        D        E       F      G
               +--------+--------+--------+--------+--------+-----+--------+
         Total |   2110 |   2075 |     35 |     47 |   1524 |   3 |  703.3 |
       Dungeon |   2050 |   2015 |     35 |     47 |   1471 |   2 | 1025.0 |
         Abyss |     60 |     60 |      0 |      0 |     53 |   1 |   60.0 |
               +--------+--------+--------+--------+--------+-----+--------+

Top non-repeatable levels by time:
     D:1: 1607 daAuts
     D:2: 442 daAuts
 Abyss:1: 60 daAuts
